 Dungeon Crawl Stone Soup version 0.29-a0-233-g1125b37a9b (webtiles) character file.

Game seed: 7863673597956550124

120 croobank the Firebug (level 5, -1/37 HPs)
             Began as a Gnoll Fire Elementalist on Mar 2, 2022.
             Slain by a mummy (19 damage)
             ... in an ossuary.
             The game lasted 00:07:28 (2922 turns).

croobank the Firebug (Gnoll Fire Elementalist)      Turns: 2922, Time: 00:07:29

Health: -1/37      AC:  2    Str: 14    XL:     5   Next: 4%
Magic:  5/12       EV: 13    Int: 16    God:
Gold:   109        SH:  0    Dex: 12    Spells: 10/14 levels left

rFire   + . .      SeeInvis .   j - +0 whip
rCold   . . .      Faith    .   (no shield)
rNeg    . . .      Spirit   .   a - +0 robe
rPois   .          Reflect  .   (no helmet)
rElec   .          Harm     .   (no cloak)
rCorr   .          Rampage  .   (no gloves)
Will    .....                   (no boots)
Stlth   +++.......              r - amulet of regeneration
HPRegen 0.92/turn               i - +6 ring of strength
MPRegen 0.13/turn               p - ring of protection from fire

@: no status effects
A: fangs 1, strong nose, distributed training
a: no special abilities


You were in an ossuary.
You visited 1 branch of the dungeon, and saw 4 of its levels.
You also visited: Ossuary.

You collected 109 gold pieces.

Inventory:

Hand Weapons
 f - a +0 arbalest
 j - a +0 whip (weapon)
Missiles
 c - 5 poisoned darts (quivered)
 m - 68 stones
Armour
 a - a +0 robe (worn)
 g - a +0 kite shield
 t - a +0 scale mail
 u - a +0 ring mail
Jewellery
 i - a +6 ring of strength (left hand)
 p - a ring of protection from fire (right hand)
 r - an amulet of regeneration (around neck)
 s - a ring of resist corrosion
Wands
 v - a wand of flame (23)
Scrolls
 e - 2 scrolls of teleportation
 h - a scroll of enchant weapon
 k - 2 scrolls of enchant armour
 q - 2 scrolls of vulnerability {unknown}
Potions
 b - 3 potions of attraction {unknown}
 d - a potion of cancellation {unknown}
 l - 2 potions of flight {unknown}
 n - a potion of haste {unknown}
 o - a potion of heal wounds {unknown}
 w - a potion of brilliance {unknown}
 x - a potion of invisibility {unknown}
 z - a potion of might {unknown}


   Skills:
 + Level 1.3 Fighting
 + Level 1.3 Short Blades
 + Level 1.3 Long Blades
 + Level 1.3 Axes
 + Level 1.3 Maces & Flails
 + Level 1.3 Polearms
 + Level 1.3 Staves
 + Level 1.3 Slings
 + Level 1.3 Bows
 + Level 1.3 Crossbows
 + Level 1.3 Throwing
 + Level 1.3 Armour
 + Level 4.7 Dodging
 + Level 4.3 Stealth
 + Level 1.3 Shields
 + Level 1.3 Unarmed Combat
 + Level 5.1 Spellcasting
 + Level 2.3 Conjurations
 + Level 1.0 Hexes
 + Level 1.0 Summonings
 + Level 1.0 Necromancy
 + Level 1.0 Translocations
 + Level 1.0 Transmutations
 + Level 5.5 Fire Magic
 + Level 1.0 Ice Magic
 + Level 1.0 Air Magic
 + Level 1.0 Earth Magic
 + Level 1.0 Poison Magic
 + Level 1.4 Invocations
 + Level 1.3 Evocations


You had 10 spell levels left.
You knew the following spells:

 Your Spells              Type           Power      Damage    Failure   Level
a - Foxfire               Conj/Fire      64%        2x1d7     3%          1
b - Scorch                Fire           42%        2d7       2%          2
c - Beastly Appendage     Tmut           14%        N/A       10%         1

Your spell library contained the following spells:

 Spells                   Type           Power      Damage    Failure   Level
 Conjure Flame            Conj/Fire      16%        6-21      9%          3
 Inner Flame              Hex/Fire       14%        N/A       12%         3
 Wereblood                Tmut           7%         N/A       14%         2
 Spider Form              Tmut/Pois      7%         N/A       28%         3
 Flame Wave               Conj/Fire      16%        2d6       30%         4


Dungeon Overview and Level Annotations

Branches:
Dungeon (4/15)            Ossuary (1/1)
 Temple: D:4-7

Altars:
Makhleb
Vehumet


Innate Abilities, Weirdness & Mutations

You have very sharp teeth.
Your uncanny sense of smell can sniff out nearby items.
Your experience applies equally to all skills.


Message History

The mummy moves out of view.
Found a potion of degeneration.
Casting: Scorch (safe; 2% risk of failure)
Confirm with . or Enter, or press ? or * to list all spells.
You conjure some foxfire!
The foxfire hits the mummy.
The mummy is burned terribly!
The mummy is moderately damaged.
The foxfire hits the mummy but does no damage.
The mummy is moderately damaged.
Casting: Foxfire (safe; 3% risk of failure)
Confirm with . or Enter, or press ? or * to list all spells.
Flames lash the mummy.
The mummy is burned terribly!
The mummy is heavily damaged.
The mummy's fire resistance burns away.
Casting: Scorch (safe; 2% risk of failure)
Confirm with . or Enter, or press ? or * to list all spells.
Flames lash the mummy.
The mummy is burned terribly!
You destroy the mummy!
You have reached level 5!
Casting: Scorch (safe; 2% risk of failure)
Confirm with . or Enter, or press ? or * to list all spells.
Flames lash the mummy.
The mummy is burned terribly!
The mummy is heavily damaged.
The mummy's fire resistance burns away.
The mummy barely misses you.
You hit the mummy.
The mummy is heavily damaged.
The mummy hits you!
You barely miss the mummy.
The mummy is heavily damaged.
You barely miss the mummy.
The mummy is heavily damaged.
The mummy hits you!
You hit the mummy.
The mummy is severely damaged.
You hit the mummy.
The mummy is almost destroyed.
The mummy is no longer more vulnerable to fire.
The mummy hits you!!
Ouch! That really hurt!
You die...

## ##. ∆.! ∆
##### ∆ ..∆∆∆
#...# #. #!?.# #M
##.## ###M###
#.### ##...@^##
##.'.#
##.......###..###
#.........#...'.#
+....⌠....'...###
#.........#...'.#
##.......###..###
##.....## ##.'.#
###'### #.### #.#
#^#


You could see 2 mummies.

Vanquished Creatures
  A centaur zombie (Ossuary)
  A jelly (D:4)
  A mummy (Ossuary)
  2 worms (D:2)
  A dart slug (D:3)
  2 bats
  6 endoplasms
  5 hobgoblins
  6 kobolds
  A quokka (D:2)
  2 ball pythons
  A frilled lizard (D:1)
  3 goblins
  2 goblin zombies (Ossuary)
  An orc zombie (Ossuary)
  4 rats
39 creatures vanquished.

Vanquished Creatures (others)
  79 foxfires
79 creatures vanquished.

Grand Total: 118 creatures vanquished

Notes
Turn   | Place    | Note
-------+----------+-------------------------------------------
     0 | D:1      | croobank the Gnoll Fire Elementalist began the quest for
                  | the Orb.
     0 | D:1      | Reached XP level 1. HP: 13/13 MP: 6/6
   308 | D:1      | Reached XP level 2. HP: 19/19 MP: 5/7
   346 | D:1      | Learned a level 2 spell: Scorch
   415 | D:1      | Found a faded altar of an unknown god.
   418 | D:1      | Learned a level 1 spell: Beastly Appendage
  1135 | D:2      | Reached XP level 3. HP: 25/25 MP: 3/9
  1219 | D:2      | Reached skill level 5 in Spellcasting
  2335 | D:3      | Found a radiant altar of Vehumet.
  2339 | D:3      | Reached skill level 1 in Invocations
  2582 | D:3      | Found a burning altar of Makhleb.
  2672 | D:4      | Found a sand-covered staircase.
  2695 | D:4      | Reached skill level 1 in Fighting
  2695 | D:4      | Reached skill level 1 in Short Blades
  2695 | D:4      | Reached skill level 1 in Long Blades
  2695 | D:4      | Reached skill level 1 in Axes
  2695 | D:4      | Reached skill level 1 in Maces & Flails
  2695 | D:4      | Reached skill level 1 in Polearms
  2695 | D:4      | Reached skill level 1 in Staves
  2695 | D:4      | Reached skill level 1 in Slings
  2695 | D:4      | Reached skill level 1 in Bows
  2695 | D:4      | Reached skill level 1 in Crossbows
  2695 | D:4      | Reached skill level 1 in Throwing
  2695 | D:4      | Reached skill level 1 in Armour
  2695 | D:4      | Reached skill level 1 in Shields
  2695 | D:4      | Reached skill level 1 in Unarmed Combat
  2695 | D:4      | Reached skill level 1 in Evocations
  2695 | D:4      | Reached XP level 4. HP: 32/32 MP: 4/11
  2721 | Ossuary  | Entered an ossuary
  2811 | Ossuary  | Reached skill level 1 in Hexes
  2811 | Ossuary  | Reached skill level 1 in Summonings
  2811 | Ossuary  | Reached skill level 1 in Necromancy
  2811 | Ossuary  | Reached skill level 1 in Translocations
  2811 | Ossuary  | Reached skill level 1 in Transmutations
  2811 | Ossuary  | Reached skill level 1 in Ice Magic
  2811 | Ossuary  | Reached skill level 1 in Air Magic
  2811 | Ossuary  | Reached skill level 1 in Earth Magic
  2811 | Ossuary  | Reached skill level 1 in Poison Magic
  2917 | Ossuary  | Reached XP level 5. HP: 37/37 MP: 6/12
  2922 | Ossuary  | Slain by a mummy

Illustrated notes

Levels and vault maps discovered:
D:1:      co_arrival_random_square_maze, layout_basic,
          shapermc_ecumenical_altar_acropolis, minivault_23, minmay_pentomino_p2
D:2:      layout_basic, minivault_25
D:3:      layout_loops_cross, bloody_makhleb, nicolae_vehumet_altar_sigil
D:4:      layout_loops_ring, mainiacjoe_overflow_six_doors_small,
          enter_ossuary_1, portal_sewer_entry_f
Ossuary:  ossuary_crypta

Skill      XL: |  1  2  3  4 |
---------------+-------------+-----
Conjurations   | 2 |  2.3
Spellcasting   | 5 |  5.1
Invocations    | 1 |  1.4
Fighting       | 1 |  1.3
Short Blades   | 1 |  1.3
Long Blades    | 1 |  1.3
Axes           | 1 |  1.3
Maces & Flails | 1 |  1.3
Polearms       | 1 |  1.3
Staves         | 1 |  1.3
Slings         | 1 |  1.3
Bows           | 1 |  1.3
Crossbows      | 1 |  1.3
Throwing       | 1 |  1.3
Armour         | 1 |  1.3
Shields        | 1 |  1.3
Unarmed Combat | 1 |  1.3
Evocations     | 1 |  1.3
Hexes          | 1 |  1.0
Summonings     | 1 |  1.0
Necromancy     | 1 |  1.0
Translocations | 1 |  1.0
Transmutations | 1 |  1.0
Ice Magic      | 1 |  1.0
Air Magic      | 1 |  1.0
Earth Magic    | 1 |  1.0
Poison Magic   | 1 |  1.0
Dodging        | |  4.7
Stealth        | |  4.3
Fire Magic     | |  5.5

Action                   |  1- 3 |  4- 6 || total
-------------------------+-------+-------++-------
Melee: Whip              |     1 |    16 ||    17
       Punch             |       |     1 ||     1
 Cast: Foxfire           |    43 |     5 ||    48
       Scorch            |    15 |     8 ||    23
  Use: Scroll            |     3 |     1 ||     4
Armor: Robe              |       |     3 ||     3
Dodge: Dodged            |    14 |    19 ||    33

Table legend: (Time is in decaauts)
 A = Elapsed time spent in this place.
 B = Non-inter-level travel time spent in this place.
 C = Inter-level travel time spent in this place.
 D = Time resting spent in this place.
 E = Time spent auto-exploring this place.
 F = Levels seen in this place.
 G = Mean time per level.
                   A        B        C        D        E       F      G
               +--------+--------+--------+--------+--------+-----+--------+
         Total |   2920 |   2857 |     63 |     70 |   2311 |   5 |  584.0 |
       Dungeon |   2718 |   2655 |     63 |     11 |   2219 |   4 |  679.5 |
       Ossuary |    201 |    201 |      0 |     59 |     92 |   1 |  201.0 |
               +--------+--------+--------+--------+--------+-----+--------+

Top non-repeatable levels by time:
     D:1: 1015 daAuts
     D:2: 976 daAuts
     D:3: 678 daAuts
 Ossuary: 201 daAuts
     D:4: 48 daAuts
